 Dungeon Crawl Stone Soup version 0.31-a0-231-g51bb95cda3 (webtiles) character file.

Game seed: 17501848308773930052

1741 qw the Skirmisher (level 9, 1/1 HPs)
             Began as a Gargoyle Hexslinger on July 6, 2023.
             Quit the game on level 4 of the Dungeon.
             The game lasted 00:18:12 (39751 turns).

qw the Skirmisher (Gargoyle Hexslinger)            Turns: 39751, Time: 00:18:13

Health: 1/1        AC: 16    Str: 13    XL:     9   Next: 5%
Magic:  10/10      EV: 26    Int: 13    God:
Gold:   213        SH:  0    Dex: 16    Spells: 9/10 levels left

rFire   . . .        Y - +2 orcbow (drain)
rCold   + . .        (shield currently unavailable)
rNeg    + . .        g - +0 ring mail
rPois   inf          (no helmet)
rElec   +            (no cloak)
rCorr   .            b - +2 pair of gloves
SInv    .            a - +0 pair of boots
Will    .....        e - amulet of the acrobat
Stlth   +            i - +4 ring of slaying {mikee}
HPRegen 0.20/turn    f - ring of protection from cold
MPRegen 0.12/turn

%: acrobat
@: acrobatic
A: sickness immunity, AC +6, negative energy resistance 1, electricity
resistance, torment resistance 1, petrification resistance
a: no special abilities


You were on level 4 of the Dungeon.
You visited 1 branch of the dungeon, and saw 6 of its levels.

You collected 213 gold pieces.


Innate Abilities, Weirdness & Mutations

You are immune to sickness and miasma.
Your stone body is resilient. (AC +6)
You are immune to poison.
You resist negative energy. (rN+)
You are resistant to electric shocks. (rElec)
You are resistant to unholy torment.
You are immune to petrification.


   Skills:
 - Level 6.0 Fighting
 + Level 9.4 Ranged Weapons
 - Level 2.4 Armour
 - Level 2.4 Dodging
 - Level 1.0 Spellcasting
 - Level 2.6 Hexes


You had 9 spell levels left.
You knew the following spells:

 Your Spells              Type           Power      Damage    Failure   Level
a - Slow                  Hex            28%        N/A       19%         1

Your spell library contained the following spells:

 Spells                   Type           Power      Damage    Failure   Level
 Inner Flame              Hex/Fire       4%         N/A       69%         3
 Portal Projectile        Hex/Tloc       8%         N/A       69%         3
 Cause Fear               Hex            3%         N/A       88%         4

Inventory:

Hand Weapons
 Y - a +2 orcbow of draining (weapon)
Armour
 a - a +0 pair of boots (worn)
 b - a +2 pair of gloves (worn)
 g - a +0 ring mail (worn)
Jewellery
 e - an amulet of the acrobat (around neck)
 f - a ring of protection from cold (right hand)
 i - a +4 ring of slaying (left hand) {mikee}
 l - a ring of willpower
 m - a ring of resist corrosion
Scrolls
 n - 6 scrolls of identify
 p - 2 scrolls of teleportation
Potions
 d - a potion of enlightenment
 h - a potion of haste
 j - a potion of cancellation
 q - a potion of curing

Dungeon Overview and Level Annotations

Branches:
Dungeon (6/15)             Temple (0/1) D:6

Altars:
Dithmenos
Elyvilon

Shops:
D:1 *   D:6 *

Annotations:
D:5 1 runed translucent door, Crazy Yiuf


Message History

Things that are here:
a +0 leather armour; a +2 antimagic trident You see here a +0 flail.
Things that are here:
a +0 mace; a boomerang; a +0 club You see here a +0 short sword.
There is a stone staircase leading up here.
You see here a +0 club.
There is a stone staircase leading up here.
There is an escape hatch in the ceiling here.
There is a stone staircase leading up here.
There is a stone staircase leading up here.
Things that are here:
a +0 leather armour; a +2 antimagic trident
There is an escape hatch in the ceiling here.
Things that are here:
a +0 leather armour; a +2 antimagic trident
There is a stone staircase leading up here.
There is a stone staircase leading up here.
You see here a +0 short sword.
There is a stone staircase leading up here.
Zot has nearly found you.
Suffering is imminent.
Descend or flee this branch!
There is an escape hatch in the ceiling here.
There is a stone staircase leading up here.
There is an escape hatch in the ceiling here.
There is a stone staircase leading up here.
There is an escape hatch in the ceiling here.
Things that are here:
a +0 leather armour; a +2 antimagic trident
There is a stone staircase leading up here.
Things that are here:
a +0 leather armour; a +2 antimagic trident You see here a +0 flail.
Zot's power touches on you...
Buggy note passed: unknown note type HP restored.
Things that are here:
a +0 mace; a boomerang; a +0 club
39751 ||| QUITTING!
Are you sure you want to abandon this character and quit the game? (Confirm with "yes".)

......##..........#####..........
......##..|#........####.........
............)...)....###.###.....
.........................# #.....
.................####....###.....
.................# #.##..#######
.................####.###..####
#.#........<..........####....#
#......##.>.####@......####...#
######.##.#.....).####...##...#
#.##.#..####[######......#
#.##..............####...#
#.................# #...#
####..........^)..# #####
#...[..........#
####.....<........#
#.......>.........#


There were no monsters in sight!

Vanquished Creatures
  Pikel (D:5)
  2 ice beasts
  A black bear (D:4)
  An ogre (D:6)
  2 phantoms (D:6)
  A lemure (D:5)
  A bullfrog (D:6)
  A scorpion (D:4)
  3 hounds (D:5)
  3 jellies
  3 orc priests
  A sleepcap (D:5)
  2 iguanas
  Terence (D:2)
  An orc wizard (D:5)
  4 gnolls (D:3)
  9 adders
  A shadow imp (D:5)
  A white imp (D:6)
  An ufetubus (D:6)
  3 worms
  2 dart slugs
  14 orcs
  5 endoplasms
  6 giant cockroaches
  6 goblins
  6 hobgoblins
  4 jackals (D:2)
  9 quokkas
  6 ball pythons
  7 bats
  4 frilled lizards (D:1)
  8 kobolds
  7 rats
127 creatures vanquished.

Notes
Turn   | Place    | Note
-------+----------+-------------------------------------------
     0 | D:1      | qw the Gargoyle Hexslinger began the quest for the Orb.
     0 | D:1      | Reached XP level 1. HP: 12/12 MP: 2/2
     0 | D:1      | 0 ||| qw: Version: 0.3-a-46-gb1f654a
     0 | D:1      | 0 ||| qw: Game counter: 1816
     0 | D:1      | 0 ||| qw: Melee chars always use a shield: true
     0 | D:1      | 0 ||| qw: God list: Okawaru
     0 | D:1      | 0 ||| qw: Allow faded altars: false
     0 | D:1      | 0 ||| qw: Do Orc after clearing Dungeon:15 true
     0 | D:1      | 0 ||| qw: Do second Lair branch before Depths: true
     0 | D:1      | 0 ||| qw: Lair rune preference: random
     0 | D:1      | 0 ||| qw: Goals: Normal
     0 | D:1      | 0 ||| PLANNING D:1-11
   202 | D:1      | Reached XP level 2. HP: 16/16 MP: 3/3
   327 | D:1      | Reached skill level 3 in Ranged Weapons
   604 | D:1      | You fall into a shaft and drop 1 floor!
   681 | D:2      | Reached XP level 3. HP: 20/21 MP: 4/4
   723 | D:2      | Found a faded altar of an unknown god.
   750 | D:2      | 750 ||| UPGRADING to +0 leather armour.
   760 | D:2      | 760 ||| DROPPING +0 robe.
   761 | D:2      | 761 ||| UPGRADING to +0 ring mail.
   771 | D:2      | 771 ||| DROPPING +0 leather armour.
   772 | D:2      | 772 ||| UPGRADING to +4 ring of slaying {mikee}.
   773 | D:2      | 773 ||| READING 2 scrolls labelled FAZOT CAACECVEE.
   778 | D:2      | 778 ||| DROPPING scroll of poison.
   779 | D:2      | 779 ||| Stepping randomly (stuck).
   780 | D:2      | 780 ||| Stepping randomly (stuck).
   781 | D:2      | 781 ||| Stepping randomly (stuck).
   782 | D:2      | 782 ||| Stepping randomly (stuck).
   783 | D:2      | 783 ||| Stepping randomly (stuck).
   784 | D:2      | 784 ||| Stepping randomly (stuck).
   785 | D:2      | 785 ||| Stepping randomly (stuck).
   786 | D:2      | 786 ||| Stepping randomly (stuck).
   787 | D:2      | 787 ||| Stepping randomly (stuck).
   788 | D:2      | 788 ||| Stepping randomly (stuck).
   789 | D:2      | 789 ||| Stepping randomly (stuck).
   790 | D:2      | 790 ||| Stepping randomly (stuck).
   791 | D:2      | 791 ||| Stepping randomly (stuck).
   792 | D:2      | 792 ||| Stepping randomly (stuck).
   793 | D:2      | 793 ||| Stepping randomly (stuck).
   794 | D:2      | 794 ||| Stepping randomly (stuck).
   795 | D:2      | 795 ||| Stepping randomly (stuck).
   796 | D:2      | 796 ||| Stepping randomly (stuck).
   797 | D:2      | 797 ||| Stepping randomly (stuck).
   798 | D:2      | 798 ||| Stepping randomly (stuck).
   799 | D:2      | 799 ||| Stepping randomly (stuck).
   800 | D:2      | 800 ||| Stepping randomly (stuck).
   801 | D:2      | 801 ||| Stepping randomly (stuck).
   802 | D:2      | 802 ||| Stepping randomly (stuck).
   803 | D:2      | 803 ||| Stepping randomly (stuck).
   804 | D:2      | 804 ||| Stepping randomly (stuck).
   805 | D:2      | 805 ||| Stepping randomly (stuck).
   806 | D:2      | 806 ||| Stepping randomly (stuck).
   807 | D:2      | 807 ||| Stepping randomly (stuck).
   808 | D:2      | 808 ||| Stepping randomly (stuck).
   809 | D:2      | 809 ||| Stepping randomly (stuck).
   810 | D:2      | 810 ||| Stepping randomly (stuck).
   811 | D:2      | 811 ||| Stepping randomly (stuck).
   812 | D:2      | 812 ||| Stepping randomly (stuck).
   813 | D:2      | 813 ||| Stepping randomly (stuck).
   814 | D:2      | 814 ||| Stepping randomly (stuck).
   815 | D:2      | 815 ||| Stepping randomly (stuck).
   816 | D:2      | 816 ||| Stepping randomly (stuck).
   817 | D:2      | 817 ||| Stepping randomly (stuck).
   818 | D:2      | 818 ||| Stepping randomly (stuck).
   819 | D:2      | 819 ||| Stepping randomly (stuck).
   820 | D:2      | 820 ||| Stepping randomly (stuck).
   821 | D:2      | 821 ||| Stepping randomly (stuck).
   822 | D:2      | 822 ||| Stepping randomly (stuck).
   823 | D:2      | 823 ||| Stepping randomly (stuck).
   824 | D:2      | 824 ||| Stepping randomly (stuck).
   825 | D:2      | 825 ||| Stepping randomly (stuck).
   826 | D:2      | 826 ||| Stepping randomly (stuck).
   827 | D:2      | 827 ||| Stepping randomly (stuck).
   828 | D:2      | 828 ||| Stepping randomly (stuck).
   829 | D:2      | 829 ||| Stepping randomly (stuck).
   830 | D:2      | 830 ||| READING scroll of teleportation.
   840 | D:2      | 840 ||| FLEEEEING.
   841 | D:2      | 841 ||| FLEEEEING.
   842 | D:2      | 842 ||| FLEEEEING.
   843 | D:2      | 843 ||| FLEEEEING.
   844 | D:2      | 844 ||| FLEEEEING.
   845 | D:2      | 845 ||| FLEEEEING.
   846 | D:2      | 846 ||| FLEEEEING.
   847 | D:2      | 847 ||| STAIRDANCE
  1071 | D:1      | Found Duiji's General Store.
  1078 | D:1      | 1078 ||| SHOPLISTING +1 orcbow of flaming (159 gold, have
                  | 35).
  1078 | D:1      | 1078 ||| SHOPLISTING potion of curing (36 gold, have 35).
  1078 | D:1      | 1078 ||| SHOPLISTING potion of enlightenment (60 gold, have
                  | 35).
  1078 | D:1      | 1078 ||| SHOPLISTING ring of positive energy (240 gold,
                  | have 35).
  1078 | D:1      | 1078 ||| SHOPLISTING scroll of acquirement (624 gold, have
                  | 35).
  1312 | D:2      | Noticed Terence
  1315 | D:2      | HP: 5/21 [Terence/+0 falchion (8)]
  1316 | D:2      | Killed Terence
  1317 | D:2      | Reached XP level 4. HP: 6/26 MP: 5/5
  1522 | D:2      | Reached skill level 4 in Ranged Weapons
  1546 | D:2      | Reached skill level 1 in Armour
  1820 | D:2      | Reached XP level 5. HP: 30/30 MP: 6/6
  2067 | D:2      | 2067 ||| UPGRADING to +2 pair of gloves.
  2072 | D:2      | 2072 ||| READING scroll labelled GAONKE LAIH.
  2073 | D:2      | 2073 ||| READING scroll labelled IMNADI BIEDIQU.
  2074 | D:2      | 2074 ||| READING scroll labelled GIWUVA GIMEL.
  2075 | D:2      | 2075 ||| DRINKING 2 fizzy blue potions.
  2076 | D:2      | 2076 ||| DRINKING 2 black potions.
  2079 | D:2      | 2079 ||| DROPPING potion of ambrosia.
  2262 | D:3      | Reached skill level 5 in Ranged Weapons
  2302 | D:3      | HP: 1/32 [orc priest/divine providence (13)]
  2303 | D:3      | 2303 ||| DRINKING potion of heal wounds.
  2311 | D:3      | Reached skill level 3 in Fighting
  2480 | D:3      | Reached XP level 6. HP: 37/37 MP: 7/7
  2618 | D:3      | 2618 ||| UPGRADING to amulet of the acrobat.
  2623 | D:3      | 2623 ||| UPGRADING to ring of resist corrosion.
  2624 | D:3      | 2624 ||| READING scroll labelled NUMIDA REUDY.
  2624 | D:3      | Identified a scroll of acquirement
  2624 | D:3      | 2624 ||| ACQUIRING +1 orcbow of draining
  2624 | D:3      | Acquired a +1 orcbow of draining
  2626 | D:3      | 2626 ||| SWAPPING to +1 orcbow of draining.
  2627 | D:3      | 2627 ||| DROPPING +1 sling.
  2628 | D:3      | 2628 ||| DRINKING 2 fizzy clear potions.
  2686 | D:4      | Noticed a black bear
  2689 | D:4      | Killed a black bear
  2708 | D:4      | Found the +6 shillelagh "Devastator" {shatter}
  2712 | D:4      | 2712 ||| Stepping ~*~*~tactically~*~*~ (outnumbered).
  2728 | D:4      | Reached skill level 6 in Ranged Weapons
  2918 | D:4      | Reached XP level 7. HP: 43/43 MP: 8/8
  2993 | D:4      | 2993 ||| READING scroll labelled OPNYAXKOOL.
  3094 | D:4      | 3094 ||| READING 4 scrolls labelled RABIODD TOCUSH.
  3095 | D:4      | 3095 ||| READING scroll labelled HEWOMAOKUF.
  3096 | D:4      | 3096 ||| READING 3 scrolls of identify.
  3096 | D:4      | 3096 ||| IDENTIFYING silvery potion
  3097 | D:4      | 3097 ||| READING 2 scrolls of identify.
  3097 | D:4      | 3097 ||| IDENTIFYING ruby potion
  3098 | D:4      | 3098 ||| DROPPING potion of brilliance.
  3123 | D:5      | Entered Level 5 of the Dungeon
  3212 | D:5      | Found a runed translucent door.
  3213 | D:5      | Noticed Crazy Yiuf
  3239 | D:5      | Reached skill level 7 in Ranged Weapons
  3646 | D:5      | Noticed Pikel
  3658 | D:5      | Killed Pikel
  3659 | D:5      | Reached skill level 9 in Ranged Weapons
  3659 | D:5      | Reached XP level 8. HP: 43/48 MP: 9/9
  3727 | D:5      | 3727 ||| UPGRADING to +0 pair of boots.
  3732 | D:5      | 3732 ||| DROPPING +0 pair of gloves of strength.
  3733 | D:5      | 3733 ||| READING scroll labelled ZUIWOGR UCIR.
  3734 | D:5      | 3734 ||| READING 5 scrolls of identify.
  3734 | D:5      | 3734 ||| IDENTIFYING metallic golden potion
  3735 | D:5      | 3735 ||| READING 4 scrolls of identify.
  3735 | D:5      | 3735 ||| IDENTIFYING lumpy coppery potion
  3736 | D:5      | 3736 ||| READING 3 scrolls of identify.
  3736 | D:5      | 3736 ||| IDENTIFYING viscous inky potion
  3737 | D:5      | 3737 ||| DROPPING potion of attraction.
  3773 | D:6      | Found Kocwil's General Store.
  3926 | D:6      | 3926 ||| FLEEEEING.
  3927 | D:6      | 3927 ||| FLEEEEING.
  3928 | D:6      | 3928 ||| FLEEEEING.
  3933 | D:6      | 3933 ||| FLEEEEING.
  3934 | D:6      | 3934 ||| FLEEEEING.
  3935 | D:6      | 3935 ||| FLEEEEING.
  3936 | D:6      | 3936 ||| FLEEEEING.
  3937 | D:6      | 3937 ||| FLEEEEING.
  3938 | D:6      | 3938 ||| FLEEEEING.
  3939 | D:6      | 3939 ||| FLEEEEING.
  3940 | D:6      | 3940 ||| FLEEEEING.
  3941 | D:6      | 3941 ||| FLEEEEING.
  3966 | D:6      | Reached XP level 9. HP: 54/54 MP: 10/10
  4030 | D:6      | Reached skill level 6 in Fighting
  4067 | D:6      | Found the +7 Kryia's mail coat {PotionHeal*2 rC+}
  4138 | D:6      | Found a white marble altar of Elyvilon.
  4139 | D:6      | Found a shadowy altar of Dithmenos.
  4227 | D:6      | Found a staircase to the Ecumenical Temple.
  4228 | D:6      | 4228 ||| PLANNING TEMPLE
  4228 | D:6      | 4228 ||| UPGRADING to ring of protection from cold.
  4230 | D:6      | 4230 ||| DROPPING ring of ice.
  4231 | D:6      | 4231 ||| READING scroll labelled ZUJEQUCL FEUM.
 29759 | D:4      | Glimpsed the power of Zot.
 30259 | D:4      | Glimpsed the power of Zot.
 30659 | D:4      | Glimpsed the power of Zot.
 30759 | D:4      | Touched by the power of Zot (MHP 55 -> 43)
 30760 | D:4      | Glimpsed the power of Zot.
 31259 | D:4      | Glimpsed the power of Zot.
 31659 | D:4      | Glimpsed the power of Zot.
 31758 | D:4      | Touched by the power of Zot (MHP 45 -> 35)
 31759 | D:4      | Glimpsed the power of Zot.
 32258 | D:4      | Glimpsed the power of Zot.
 32658 | D:4      | Glimpsed the power of Zot.
 32757 | D:4      | Touched by the power of Zot (MHP 37 -> 28)
 32758 | D:4      | Glimpsed the power of Zot.
 33257 | D:4      | Glimpsed the power of Zot.
 33657 | D:4      | Glimpsed the power of Zot.
 33756 | D:4      | Touched by the power of Zot (MHP 30 -> 22)
 33757 | D:4      | Glimpsed the power of Zot.
 34256 | D:4      | Glimpsed the power of Zot.
 34656 | D:4      | Glimpsed the power of Zot.
 34755 | D:4      | Touched by the power of Zot (MHP 24 -> 17)
 34756 | D:4      | Glimpsed the power of Zot.
 35255 | D:4      | Glimpsed the power of Zot.
 35655 | D:4      | Glimpsed the power of Zot.
 35754 | D:4      | Touched by the power of Zot (MHP 18 -> 12)
 35755 | D:4      | Glimpsed the power of Zot.
 36254 | D:4      | Glimpsed the power of Zot.
 36654 | D:4      | Glimpsed the power of Zot.
 36753 | D:4      | Touched by the power of Zot (MHP 13 -> 8)
 36754 | D:4      | Glimpsed the power of Zot.
 37253 | D:4      | Glimpsed the power of Zot.
 37653 | D:4      | Glimpsed the power of Zot.
 37752 | D:4      | Touched by the power of Zot (MHP 9 -> 5)
 37753 | D:4      | Glimpsed the power of Zot.
 38252 | D:4      | Glimpsed the power of Zot.
 38652 | D:4      | Glimpsed the power of Zot.
 38751 | D:4      | Touched by the power of Zot (MHP 6 -> 2)
 38752 | D:4      | Glimpsed the power of Zot.
 39251 | D:4      | Glimpsed the power of Zot.
 39651 | D:4      | Glimpsed the power of Zot.
 39750 | D:4      | Touched by the power of Zot (MHP 3 -> 1)
 39751 | D:4      | 39751 ||| QUITTING!
 39751 | D:4      | Quit the game

Levels and vault maps discovered:
D:1:      dpeg_arrival_signposts, layout_basic, serial_shops,
          nicolae_shop_temple_entry_statues_fountains
D:2:      layout_loops_corners, ebering_ecumenical_altar_hall,
          kennysheep_crisscross, lightli_corner_chamber, uniq_terence
D:3:      layout_rooms
D:4:      layout_rooms
D:5:      layout_basic, chequers_serial_rivers_small_3, uniq_pikel,
          uniq_crazy_yiuf_cottage
D:6:      nicolae_cairo_tiling_very_big, layout_basic,
          mainiacjoe_overflow_divided_tiny, minmay_temple_entry_from_below_a,
          serial_shops, nicolae_shop_advertising_works
          [nicolae_subvault_shop_adworks],
          hangedman_abyss_or_decor_jellyfish_corner, nrook_uturn

Skill      XL: |  1  2  3  4  5  6  7  8  9 |
---------------+----------------------------+-----
Ranged Weapons | 3 4 5 6 9 |  9.4
Fighting       | 2 3 4 5 6 |  6.0
Armour         | 1 2 |  2.4
Dodging        | 2 |  2.4
Spellcasting   | |  1.0
Hexes          | |  2.6

Action                     |  1- 3 |  4- 6 |  7- 9 || total
---------------------------+-------+-------+-------++-------
   Fire: Sling             |    86 |   133 |       ||   219
         Orcbow            |       |    32 |   115 ||   147
    Use: Scroll            |     2 |     4 |    10 ||    16
         Potion            |       |     4 |       ||     4
 Armour: Robe              |     7 |       |       ||     7
         Ring mail         |     6 |    46 |    36 ||    88
  Dodge: Dodged            |    18 |    65 |    27 ||   110

Table legend:
 A = Non-vault XP
 B = Vault XP
 C = Vault XP percentage of total XP
 D = Non-vault monster count
 E = Vault monster count
 F = Vault count percentage of total count
                 A         B        C        D         E       F
            +---------+---------+-------+---------+---------+-------
      Total |    1801 |     687 |  27.6 |     124 |       2 |   1.6
            +---------+---------+-------+---------+---------+-------
        D:1 |      42 |       0 |   0.0 |      26 |       0 |   0.0
        D:2 |      94 |      36 |  27.7 |      31 |       1 |   3.1
        D:3 |     163 |       0 |   0.0 |      22 |       0 |   0.0
        D:4 |     286 |       0 |   0.0 |      14 |       0 |   0.0
        D:5 |     525 |     651 |  55.4 |      20 |       1 |   4.8
        D:6 |     691 |       0 |   0.0 |      11 |       0 |   0.0
            +---------+---------+-------+---------+---------+-------
